 Dungeon Crawl Stone Soup version 0.32-a0-913-g739538afd8 (webtiles) character file.

Game seed: 15419555382122799655

4016 ggggg the Cleaver (level 10, -7/91 HPs)
             Began as a Minotaur Fighter on Apr 9, 2024.
             Was a Priest of Okawaru.
             Mangled by a komodo dragon (13 damage)
             ... on level 8 of the Dungeon.
             The game lasted 00:08:28 (8115 turns).

ggggg the Cleaver (Minotaur Fighter)                Turns: 8115, Time: 00:08:29

Health: -7/91      AC: 16    Str: 26    XL:     10   Next: 3%
Magic:  27/29      EV: 10    Int:  5    God:    Okawaru [***...]
Gold:   469        SH:  6    Dex:  9    Spells: 9/9 levels left

rFire   x . .        A - +1 war axe (freeze)
rCold   + + .        c - +0 buckler
rNeg    + . .        g - +3 scale mail "Koneur" {rPois rF- rC++ MP+9}
rPois   +            (helmet restricted)
rElec   .            s - +0 cloak
rCorr   .            (no gloves)
SInv    .            t - +2 pair of boots
Will    .....        (no amulet)
Stlth   +            r - ring of magical power
HPRegen 0.35/turn    f - ring of positive energy
MPRegen 0.21/turn

%: no passive effects
@: heroic
A: horns 2, retaliatory headbutt
a: Renounce Religion, Heroism


You were on level 8 of the Dungeon.
You worshipped Okawaru.
Okawaru was most pleased with you.
You visited 2 branches of the dungeon, and saw 9 of its levels.
You also visited: Ossuary.

You collected 469 gold pieces.

Inventory:

Hand Weapons
 a - a +0 war axe of electrocution
 A - a +1 war axe of freezing (weapon)
 C - a +3 halberd
Missiles
 l - 3 atropa-tipped darts (quivered)
 G - a throwing net
 I - 22 poisoned darts
Armour
 b - a +0 scale mail
 c - a +0 buckler (worn)
 g - the +3 scale mail "Koneur" (worn) {rPois rF- rC++ MP+9}
   (You found it on level 4 of the Dungeon)

   rF-:       It makes you vulnerable to fire.
   rC++:      It greatly protects you from cold.
   rPois:     It protects you from poison.
   MP+9:      It affects your magic capacity (+9).
 s - a +0 cloak (worn)
 t - a +2 pair of boots (worn)
Jewellery
 e - a ring of poison resistance
 f - a ring of positive energy (right hand)
 r - a ring of magical power (left hand)
Wands
 k - a wand of mindburst (24)
 E - a wand of warping (9)
 F - a wand of flame (39)
Scrolls
 i - a scroll of poison
 q - a scroll of immolation
 u - a scroll of teleportation
 y - 7 scrolls of identify
 B - 2 scrolls of vulnerability
 D - 3 scrolls of noise
 H - a scroll of fog {unknown}
Potions
 d - a potion of might
 h - a potion of lignification
 j - 7 potions of curing
 m - a potion of magic
 n - a potion of mutation
 o - a potion of heal wounds
 p - 2 potions of berserk rage
 v - 6 potions of degeneration
 w - a potion of brilliance {unknown}
 x - 2 potions of haste
 z - 2 potions of attraction {unknown}


   Skills:
 + Level 9.4(14.4) Fighting
 * Level 12.2(17.2) Axes
 + Level 3.4(8.4) Throwing
 + Level 5.9(10.9) Armour
 + Level 5.8(10.8) Shields
 + Level 3.0 Invocations


You had 9 spell levels left.
You didn't know any spells.
Your spell library contained the following spells:

 Spells                   Type           Power      Damage    Failure   Level
 Ensorcelled Hibernation  Hex/Ice        0%         N/A       87%         2
 Fugue of the Fallen      Necr           0%         N/A       98%         3
 Ozocubu's Armour         Ice            0%         N/A       98%         3
 Anguish                  Hex/Necr       0%         N/A       100%        4
 Manifold Assault         Tloc           0%         N/A       100%        7
 Orb of Destruction       Conj           0%         9d5       100%        7
 Summon Blazeheart Golem  Fire/Summ      Unusable   N/A       N/A         4
 Spellforged Servitor     Conj/Summ      Unusable   N/A       N/A         7

Dungeon Overview and Level Annotations

Branches:
Dungeon (8/15)             Temple (1/1) D:5         Ossuary (visited)
   Lair: D:8-11

Altars:
Ashenzari
Cheibriados
Elyvilon
Fedhas
Gozag
Makhleb
Nemelex Xobeh
Okawaru
Qazlal
Sif Muna
Uskayaw
Vehumet
Xom
Zin
The Shining One

Annotations:
D:5 2 transporters, Fodor's ghost, novice MiFi


Innate Abilities, Weirdness & Mutations

You have a pair of horns on your head.
You reflexively headbutt those who attack you in melee.


Message History

No target in view!
You are engulfed in a cloud of scalding steam.
A komodo dragon comes into view.
You are engulfed in a cloud of scalding steam.
The komodo dragon hisses angrily.
A wyvern comes into view.
You barely miss the steam dragon.
The wyvern hisses angrily.
The steam dragon bites you. The steam dragon misses you.
You barely miss the steam dragon.
The komodo dragon is engulfed in a cloud of scalding steam.
The steam dragon bites you but does no damage.
The steam dragon closely misses you.
You hit the komodo dragon. You freeze the komodo dragon.
You headbutt the komodo dragon.
The komodo dragon is heavily wounded.
You hit the steam dragon but do no damage.
The komodo dragon bites you!!
* * * LOW HITPOINT WARNING * * *
The steam dragon bites you.
* * * LOW HITPOINT WARNING * * *
The steam dragon claws you but does no damage.
You are too injured to fight recklessly!
You are too injured to fight recklessly!
You are too injured to fight recklessly!
You are too injured to fight recklessly!
Okay, then.
You gain the combat prowess of a mighty hero.
The komodo dragon bites you!
* * * LOW HITPOINT WARNING * * *
The steam dragon misses you.
The steam dragon claws you but does no damage.
You slash the komodo dragon! You freeze the komodo dragon.
The komodo dragon is almost dead.
You slash the wyvern! You freeze the wyvern.
You hit the steam dragon but do no damage.
The wyvern bites you!
* * * LOW HITPOINT WARNING * * *
The komodo dragon bites you!
You die...

# #.......## #.......# ##.....
######..### #.......# ##......
.####...########......####.......
.'.......................'.......
#################################
#.########## .# .#
##..........##.#.#
##....###.....k..##.# ####..##.#
#.#..@D...... #...##.###
######l...... รท#### ## #..#...
## ##.# . .. ## ### ### #### ..#
#.## ##..# ### ##.###.#.#


You could see a komodo dragon, a steam dragon and a wyvern.

Vanquished Creatures
  Maurice (D:8)
  Grinder (D:5)
  Sigmund (D:6)
  A wyvern (D:8)
  A steam dragon (D:5)
  A basilisk (D:8)
  Menkaure (D:5)
  An orc warrior (D:7)
  A sky beast (D:6)
  3 black bears
  An ogre (D:5)
  2 centaurs (D:6)
  Blork the orc (D:5)
  2 phantoms
  2 kobold brigands (D:8)
  A bullfrog (D:7)
  A scorpion (D:4)
  8 wights
  A howler monkey (D:7)
  3 jellies
  2 bombardier beetles
  3 hounds
  4 orc priests
  3 spectral scorpions (Ossuary)
  A gnoll bouda (D:7)
  2 centaur skeletons (Ossuary)
  An iguana (D:5)
  6 orc wizards
  A crocodile zombie (Ossuary)
  An ogre skeleton (Ossuary)
  8 mummies (Ossuary)
  9 gnolls
  10 adders
  2 shadow imps
  2 white imps
  2 ribbon worms
  2 dart slugs
  29 orcs
  6 bats
  7 endoplasms
  2 giant cockroaches
  9 goblins
  4 hobgoblins
  17 kobolds
  3 quokkas
  7 ball pythons
  5 frilled lizards
  3 gnoll skeletons (Ossuary)
  2 orc skeletons (Ossuary)
  5 rats
  10 spectral rats (Ossuary)
202 creatures vanquished.

Notes
Turn   | Place    | Note
-------+----------+-------------------------------------------
     0 | D:1      | ggggg the Minotaur Fighter began the quest for the Orb.
     0 | D:1      | Reached XP level 1. HP: 19/19 MP: 0/0
   198 | D:1      | Reached XP level 2. HP: 19/27 MP: 1/1
   284 | D:1      | Reached skill level 3 in Axes
   612 | D:2      | Reached XP level 3. HP: 25/33 MP: 2/2
  1283 | D:3      | Reached skill level 4 in Axes
  1283 | D:3      | Reached XP level 4. HP: 41/41 MP: 3/3
  1892 | D:3      | Reached skill level 5 in Axes
  1892 | D:3      | Reached XP level 5. HP: 35/47 MP: 4/4
  2074 | D:3      | Found Hidasawk's Antique Weapon Boutique.
  2249 | D:3      | Reached skill level 5 in Fighting
  2729 | D:4      | Reached skill level 6 in Axes
  2729 | D:4      | Reached XP level 6. HP: 27/56 MP: 5/5
  2932 | D:4      | Identified the +3 scale mail "Koneur" {rPois rF- rC++ MP+9}
  2999 | D:4      | Found a sand-covered staircase.
  3049 | Ossuary  | Entered an ossuary
  3351 | Ossuary  | Reached skill level 7 in Axes
  3390 | Ossuary  | Reached XP level 7. HP: 63/63 MP: 6/6
  3502 | Ossuary  | Reached skill level 8 in Axes
  4154 | D:5      | Entered Level 5 of the Dungeon
  4155 | D:5      | Noticed Grinder
  4161 | D:5      | Killed Grinder
  4353 | D:5      | Noticed a steam dragon
  4360 | D:5      | Killed a steam dragon
  4361 | D:5      | Reached skill level 9 in Axes
  4361 | D:5      | Reached XP level 8. HP: 37/73 MP: 7/7
  4514 | D:5      | Found a staircase to the Ecumenical Temple.
  4559 | D:5      | Noticed Blork the orc
  4571 | D:5      | Killed Blork the orc
  4579 | Temple   | Entered the Ecumenical Temple
  4601 | Temple   | Became a worshipper of Warmaster Okawaru
  4668 | D:5      | Found a transporter.
  4688 | D:5      | Found a transporter.
  4711 | D:5      | Noticed Menkaure
  4716 | D:5      | Killed Menkaure
  4717 | D:5      | Reached skill level 10 in Axes
  4750 | D:5      | Noticed Fodor's ghost (novice MiFi)
  5157 | D:5      | Reached * piety under Okawaru
  5224 | D:6      | Noticed Sigmund
  5243 | D:6      | Killed Sigmund
  5244 | D:6      | Reached skill level 1 in Throwing
  5381 | D:6      | Reached skill level 11 in Axes
  5426 | D:6      | Reached XP level 9. HP: 82/82 MP: 8/8
  5585 | D:6      | Reached skill level 1 in Invocations
  5999 | D:7      | Reached ** piety under Okawaru
  6346 | D:7      | Reached skill level 5 in Armour
  6346 | D:7      | Reached skill level 5 in Shields
  6456 | D:7      | Found a broken altar of Ashenzari.
  6481 | D:7      | Identified the +1 sling of the Three Spirits {drain, rF+
                  | Int+2}
  7265 | D:8      | Reached skill level 12 in Axes
  7756 | D:8      | Noticed Maurice
  7759 | D:8      | Maurice stole a ring of poison resistance
  7762 | D:8      | Something stole a +3 halberd
  7774 | D:8      | Something stole 190 gold
  7775 | D:8      | Something stole a throwing net
  7777 | D:8      | Something stole 49 gold
  7782 | D:8      | Something stole 212 gold
  7793 | D:8      | Killed Maurice
  7793 | D:8      | Reached *** piety under Okawaru
  7794 | D:8      | Reached XP level 10. HP: 41/91 MP: 11/11
  8115 | D:8      | Mangled by a komodo dragon

Illustrated notes

Levels and vault maps discovered:
D:1:      lemuel_arrival_funnel, layout_basic
D:2:      layout_loops_cross, minmay_misc_feat_plants
D:3:      layout_basic, serial_shops, nicolae_lakefront_shop,
          cheibrodos_gnoll_hut
D:4:      layout_rooms, nicolae_ossuary_entry_ruins, minmay_misc_feat_pillars,
          kennysheep_dice
D:5:      layout_loops_ring, temple_pool_b, gammafunk_ghost_mausoleum,
          uniq_grinder, uniq_blork_the_orc, uniq_menkaure
D:6:      layout_gridville, uniq_sigmund
D:7:      layout_basic, cheibrodos_ashenzari_chains, item_on_display_a
D:8:      layout_loops_corners, erik_lair_dragon, uniq_maurice
Temple:   zaba_magenta_temple

Skill      XL: |  1  2  3  4  5  6  7  8  9 |
---------------+----------------------------+-----
Axes           | 3 4 5 6 7 9 11 12 | 12.2
Fighting       | 4 5 6 7 8 9 |  9.4
Armour         | 4 5 |  5.9
Shields        | 4 5 |  5.8
Throwing       | 1 3 |  3.4
Invocations    | 3 |  3.0

Action                     |  1- 3 |  4- 6 |  7- 9 | 10-12 || total
---------------------------+-------+-------+-------+-------++-------
  Melee: War axe           |    87 |   138 |   259 |    13 ||   497
         Headbutt          |    12 |    29 |    42 |     4 ||    87
  Throw: Dart              |     8 |     1 |       |       ||     9
 Invoke: Heroism           |       |       |     1 |     1 ||     2
    Use: Potion            |       |     1 |       |       ||     1
         Scroll            |       |     8 |     9 |       ||    17
   Stab: Invisible         |     1 |     1 |       |       ||     2
 Armour: Scale mail        |    72 |    89 |   189 |    14 ||   364
  Dodge: Dodged            |    48 |    37 |    72 |     4 ||   161
  Block: Buckler           |    17 |    21 |    39 |     1 ||    78

Table legend: (Time is in decaauts)
 A = Elapsed time spent in this place.
 B = Non-inter-level travel time spent in this place.
 C = Inter-level travel time spent in this place.
 D = Time resting spent in this place.
 E = Time spent auto-exploring this place.
 F = Levels seen in this place.
 G = Mean time per level.
                   A        B        C        D        E       F      G
               +--------+--------+--------+--------+--------+-----+--------+
         Total |   8173 |   7833 |    340 |    330 |   6189 |  10 |  817.3 |
       Dungeon |   7605 |   7278 |    327 |    330 |   5840 |   8 |  950.6 |
        Temple |     35 |     22 |     13 |      0 |      0 |   1 |   35.0 |
       Ossuary |    532 |    532 |      0 |      0 |    349 |   1 |  532.0 |
               +--------+--------+--------+--------+--------+-----+--------+

Top non-repeatable levels by time:
     D:3: 1403 daAuts
     D:8: 1094 daAuts
     D:7: 1025 daAuts
     D:5: 1007 daAuts
     D:4: 936 daAuts
     D:6: 789 daAuts
     D:2: 677 daAuts
     D:1: 671 daAuts
 Ossuary: 532 daAuts
  Temple: 35 daAuts
